TOP OF THE 1ST |
Bishop Amat HS batting - Pitching for Oceanside HS Pirates : LHP Carlos Martínez
|
Pitching: LHP Carlos Martínez
|
|
Batting: SHB Jimmy Wilson
|
0-0: Called Strike 0-1: Ball 1-1: Swinging Strike 1-2: Ground out 4-3 (Groundball, 4M)
|
Batting: RHB Pat Hanna
|
0-0: Ball 1-0: Called Strike 1-1: Fly out, F4 (Popup, 4D)
|
Batting: RHB Will David
|
0-0: Fly out, F8 (Flyball, 8LM)
|
Top of the 1st over - 0 run(s), 0 hit(s), 0 error(s), 0 left on base; Bishop Amat HS 0 - Oceanside HS 0 |
BOTTOM OF THE 1ST |
Oceanside HS Pirates batting - Pitching for Bishop Amat HS : RHP Jim Snyder
|
Pitching: RHP Jim Snyder
|
|
Batting: RHB Stan Taylor
|
0-0: Called Strike 0-1: Foul Ball, location: 2F 0-2: Foul Ball, location: 2F 0-2: Ball 1-2: Ball 2-2: Strikes out swinging
|
Batting: LHB Michael Hanson
|
0-0: Ground out 6-3 (Groundball, 6)
|
Batting: LHB Chris Goodwin
|
0-0: Called Strike 0-1: Ball 1-1: SINGLE (Groundball, 6MD)
|
Batting: LHB Jon Quinn
|
0-0: Ball 1-0: DOUBLE (Flyball, 8RM) Chris Goodwin to third
|
Batting: RHB Jeffery Evans
|
0-0: Called Strike 0-1: Foul Ball, location: 2F 0-2: Ball 1-2: Strikes out swinging
|
Bottom of the 1st over - 0 run(s), 2 hit(s), 0 error(s), 2 left on base; Bishop Amat HS 0 - Oceanside HS 0 |
TOP OF THE 2ND |
Bishop Amat HS batting - Pitching for Oceanside HS Pirates : LHP Carlos Martínez
|
Batting: RHB Jim Norris
|
0-0: Ball 1-0: Foul Ball, location: 2F 1-1: Ground out U3 (Groundball, 3)
|
Batting: LHB Edmund Stone
|
0-0: Called Strike 0-1: Ball 1-1: Ball 2-1: Ball 3-1: SINGLE (Groundball, 5D)
|
Batting: SHB Leonardo González
|
0-0: Called Strike 0-1: Called Strike 0-2: Strikes out looking
|
Batting: RHB Javier Castillo
|
0-0: Ball 1-0: SINGLE (Groundball, 4M) Edmund Stone to second Runner from 2nd tries for 3rd, SAFE, throw made to third
|
Batting: SHB José Ruíz
|
0-0: Ground out 1-3 (Groundball, 23)
|
Top of the 2nd over - 0 run(s), 2 hit(s), 0 error(s), 2 left on base; Bishop Amat HS 0 - Oceanside HS 0 |
BOTTOM OF THE 2ND |
Oceanside HS Pirates batting - Pitching for Bishop Amat HS : RHP Jim Snyder
|
Batting: RHB Juan Reyes
|
0-0: Ball 1-0: Ball 2-0: Called Strike 2-1: Ball 3-1: Base on Balls
|
Batting: SHB Ryan Holcomb
|
0-0: Fielders Choice at 2nd, 5-4 (Groundball, 5)
|
Batting: RHB Joe Rogers
|
0-0: Ball Ryan Holcomb steals 2nd base 1-0: Called Strike 1-1: Called Strike 1-2: Strikes out swinging
|
Batting: LHB Greg Sharpe
|
0-0: Swinging Strike 0-1: Ball 1-1: Ball 2-1: Ball 3-1: Swinging Strike 3-2: Base on Balls
|
Batting: RHB Stan Taylor
|
0-0: Ball 1-0: Foul Ball, location: 2F 1-1: SINGLE (Groundball, 56D) (infield hit) Ryan Holcomb to third Greg Sharpe to second
|
Batting: LHB Michael Hanson
|
0-0: Ground out 1-3 (Groundball, 13S)
|
Bottom of the 2nd over - 0 run(s), 1 hit(s), 0 error(s), 3 left on base; Bishop Amat HS 0 - Oceanside HS 0 |
TOP OF THE 3RD |
Bishop Amat HS batting - Pitching for Oceanside HS Pirates : LHP Carlos Martínez
|
Batting: LHB David Morgan
|
0-0: Called Strike 0-1: Ball 1-1: Called Strike 1-2: Strikes out swinging
|
Batting: SHB Jimmy Wilson
|
0-0: Ball 1-0: Called Strike 1-1: Foul Ball, location: 2F 1-2: Ball 2-2: Strikes out swinging
|
Batting: RHB Pat Hanna
|
0-0: Ball 1-0: Ball 2-0: Foul Ball, location: 2F 2-1: Ball 3-1: Foul Ball, location: 2F 3-2: Foul Ball, location: 2F 3-2: Base on Balls
|
Batting: RHB Will David
|
0-0: Ball 1-0: Called Strike 1-1: DOUBLE (Line Drive, 7LM) Pat Hanna to third
|
Batting: RHB Jim Norris
|
0-0: Called Strike 0-1: Ball 1-1: Called Strike 1-2: Ball 2-2: Ball 3-2: Strikes out swinging
|
Top of the 3rd over - 0 run(s), 1 hit(s), 0 error(s), 2 left on base; Bishop Amat HS 0 - Oceanside HS 0 |
BOTTOM OF THE 3RD |
Oceanside HS Pirates batting - Pitching for Bishop Amat HS : RHP Jim Snyder
|
Batting: LHB Chris Goodwin
|
0-0: Foul Ball, location: 2F 0-1: Foul Ball, location: 2F 0-2: Ball 1-2: Ball 2-2: Ball 3-2: Strikes out swinging
|
Batting: LHB Jon Quinn
|
0-0: Called Strike 0-1: Foul Ball, location: 2F 0-2: Ball 1-2: Foul Ball, location: 2F 1-2: Foul Ball, location: 2F 1-2: Foul Ball, location: 2F 1-2: Ball 2-2: Ground out 4-3 (Groundball, 4)
|
Batting: RHB Jeffery Evans
|
0-0: Called Strike 0-1: Ball 1-1: Swinging Strike 1-2: Ball 2-2: Foul Ball, location: 2F 2-2: Foul Ball, location: 2F 2-2: Strikes out swinging
|
Bottom of the 3rd over - 0 run(s), 0 hit(s), 0 error(s), 0 left on base; Bishop Amat HS 0 - Oceanside HS 0 |
TOP OF THE 4TH |
Bishop Amat HS batting - Pitching for Oceanside HS Pirates : LHP Carlos Martínez
|
Batting: LHB Edmund Stone
|
0-0: Ball 1-0: SINGLE (Line Drive, 89S)
|
Batting: SHB Leonardo González
|
0-0: Foul Ball, location: 2F 0-1: Ball 1-1: Ball 2-1: Grounds into double play, 5-4-3 (Groundball, 56)
|
Batting: RHB Javier Castillo
|
0-0: Ground out 6-3 (Groundball, 6M)
|
Top of the 4th over - 0 run(s), 1 hit(s), 0 error(s), 0 left on base; Bishop Amat HS 0 - Oceanside HS 0 |
BOTTOM OF THE 4TH |
Oceanside HS Pirates batting - Pitching for Bishop Amat HS : RHP Jim Snyder
|
Batting: RHB Juan Reyes
|
0-0: Called Strike 0-1: Ball 1-1: Ball 2-1: Ball 3-1: Base on Balls
|
Batting: SHB Ryan Holcomb
|
0-0: Called Strike 0-1: Reached on error, E3 (Groundball, 34S) Juan Reyes to third
|
Batting: RHB Joe Rogers
|
0-0: Ball 1-0: Ball 2-0: Called Strike 2-1: Ball 3-1: Fly out, F7 (Flyball, 78M) Runner from 3rd tags up, SCORES, throw made
|
Batting: LHB Greg Sharpe
|
0-0: Ball 1-0: Ball 2-0: Reached on error, E4 (Groundball, 4) Ryan Holcomb scores
|
Batting: RHB Stan Taylor
|
0-0: Called Strike 0-1: Called Strike 0-2: Foul Ball, location: 2F 0-2: Strikes out swinging
|
Batting: LHB Michael Hanson
|
0-0: Called Strike 0-1: Ball 1-1: Ball 2-1: Called Strike 2-2: Ball 3-2: Reached on error, E3 (Groundball, 3) Greg Sharpe to third
|
Pitching: RHP Carlos López
|
|
Batting: LHB Chris Goodwin
|
0-0: Ball 1-0: Called Strike 1-1: Ball 2-1: Called Strike 2-2: SINGLE (Groundball, 4MD) Greg Sharpe scores Michael Hanson to second Runner from 2nd tries for 3rd, SAFE, throw made to third
|
Batting: LHB Jon Quinn
|
0-0: Foul Ball, location: 2F 0-1: Ball 1-1: Ball 2-1: Ball 3-1: Base on Balls Chris Goodwin to second
|
Batting: RHB Jeffery Evans
|
0-0: Ball 1-0: Ball 2-0: Ball 3-0: Base on Balls Michael Hanson scores Chris Goodwin to third Jon Quinn to second
|
Batting: RHB Juan Reyes
|
0-0: Ball 1-0: Foul Ball, location: 2F 1-1: Ball 2-1: Ball Wild Pitch! Chris Goodwin scores Jon Quinn to third Jeffery Evans to second 3-1: Base on Balls
|
Batting: SHB Ryan Holcomb
|
0-0: Ball 1-0: Ball Wild Pitch! Jon Quinn scores Jeffery Evans to third Juan Reyes to second 2-0: Ground out 4-3 (Groundball, 4M)
|
Bottom of the 4th over - 6 run(s), 1 hit(s), 3 error(s), 2 left on base; Bishop Amat HS 0 - Oceanside HS 6 |
TOP OF THE 5TH |
Bishop Amat HS batting - Pitching for Oceanside HS Pirates : LHP Carlos Martínez
|
Batting: SHB José Ruíz
|
0-0: Ball 1-0: Ball 2-0: Ball 3-0: Called Strike 3-1: Swinging Strike 3-2: Strikes out swinging
|
Batting: LHB David Morgan
|
0-0: Ball 1-0: Ball 2-0: Called Strike 2-1: Ball 3-1: Base on Balls
|
Batting: SHB Jimmy Wilson
|
0-0: Ball 1-0: Swinging Strike 1-1: Swinging Strike 1-2: Ball 2-2: Ball 3-2: Strikes out swinging
|
Batting: RHB Pat Hanna
|
0-0: Ball 1-0: SINGLE (Groundball, 13) (infield hit) David Morgan to second
|
Batting: RHB Will David
|
0-0: 3-RUN HOME RUN (Flyball, 7D), Distance : 401 ft
|
Batting: RHB Jim Norris
|
0-0: Ball 1-0: SINGLE (Groundball, 4MD)
|
Batting: LHB Edmund Stone
|
0-0: Swinging Strike 0-1: Ball 1-1: Called Strike 1-2: Ball 2-2: Foul Ball, location: 2F 2-2: Foul Ball, location: 2F 2-2: Foul Ball, location: 2F 2-2: Strikes out swinging
|
Top of the 5th over - 3 run(s), 3 hit(s), 0 error(s), 1 left on base; Bishop Amat HS 3 - Oceanside HS 6 |
BOTTOM OF THE 5TH |
Oceanside HS Pirates batting - Pitching for Bishop Amat HS : RHP Carlos López
|
Batting: RHB Joe Rogers
|
0-0: Ball 1-0: Ball 2-0: Ball 3-0: Base on Balls
|
Batting: LHB Greg Sharpe
|
0-0: Grounds into double play, U6-3 (Groundball, 6)
|
Batting: RHB Stan Taylor
|
0-0: Called Strike 0-1: Swinging Strike 0-2: Strikes out swinging
|
Bottom of the 5th over - 0 run(s), 0 hit(s), 0 error(s), 0 left on base; Bishop Amat HS 3 - Oceanside HS 6 |
TOP OF THE 6TH |
Bishop Amat HS batting - Pitching for Oceanside HS Pirates : LHP Carlos Martínez
|
Pitching: RHP Bob Jordan
|
|
Batting: SHB Leonardo González
|
0-0: Called Strike 0-1: Called Strike 0-2: Ball 1-2: Ground out 4-3 (Groundball, 4)
|
Batting: RHB Javier Castillo
|
0-0: Called Strike 0-1: Called Strike 0-2: Fly out, F6 (Line Drive, 6M)
|
Batting: SHB José Ruíz
|
0-0: Called Strike 0-1: Fly out, F4 (Popup, 34)
|
Top of the 6th over - 0 run(s), 0 hit(s), 0 error(s), 0 left on base; Bishop Amat HS 3 - Oceanside HS 6 |
BOTTOM OF THE 6TH |
Oceanside HS Pirates batting - Pitching for Bishop Amat HS : RHP Carlos López
|
Batting: LHB Michael Hanson
|
0-0: Ball 1-0: Ball 2-0: Ball 3-0: Base on Balls
|
Batting: LHB Chris Goodwin
|
0-0: Ball 1-0: Called Strike 1-1: Ball 2-1: Called Strike 2-2: Fly out, F8 (Flyball, 8LD)
|
Batting: LHB Jon Quinn
|
0-0: Ball Michael Hanson is caught stealing 2nd base 1-0: Ball 2-0: Ball 3-0: Called Strike 3-1: SINGLE (Flyball, 89S)
|
Batting: RHB Jeffery Evans
|
0-0: Ball 1-0: Called Strike 1-1: Ball 2-1: Called Strike 2-2: Foul Ball, location: 2F 2-2: Fielders Choice at 2nd, U6 (Groundball, 6M)
|
Bottom of the 6th over - 0 run(s), 1 hit(s), 0 error(s), 1 left on base; Bishop Amat HS 3 - Oceanside HS 6 |
TOP OF THE 7TH |
Bishop Amat HS batting - Pitching for Oceanside HS Pirates : RHP Bob Jordan
|
Batting: LHB David Morgan
|
0-0: Ball 1-0: Swinging Strike 1-1: Ball 2-1: Called Strike 2-2: Strikes out swinging
|
Batting: SHB Jimmy Wilson
|
0-0: Ball 1-0: Ground out 3-1 (Groundball, 34)
|
Batting: RHB Pat Hanna
|
0-0: Ball 1-0: Ball 2-0: Ball 3-0: Base on Balls
|
Batting: RHB Will David
|
0-0: Fly out, F8 (Flyball, 8LM)
|
Top of the 7th over - 0 run(s), 0 hit(s), 0 error(s), 1 left on base; Bishop Amat HS 3 - Oceanside HS 6 |
BOTTOM OF THE 7TH |
Oceanside HS Pirates batting - Pitching for Bishop Amat HS : RHP Carlos López
|
Pitching: RHP Edward Armstrong
|
|
Batting: RHB Juan Reyes
|
0-0: Swinging Strike 0-1: Ball 1-1: Ball 2-1: Foul Ball, location: 2F 2-2: Foul Ball, location: 2F 2-2: Ground out 4-3 (Groundball, 4)
|
Batting: SHB Ryan Holcomb
|
0-0: Ball 1-0: Ball 2-0: Ball 3-0: Base on Balls
|
Batting: RHB Joe Rogers
|
0-0: Swinging Strike 0-1: Foul Ball, location: 2F 0-2: Ball 1-2: Strikes out swinging
|
Batting: LHB Greg Sharpe
|
0-0: Ball 1-0: Fly out, F8 (Flyball, 8LM)
|
Bottom of the 7th over - 0 run(s), 0 hit(s), 0 error(s), 1 left on base; Bishop Amat HS 3 - Oceanside HS 6 |
TOP OF THE 8TH |
Bishop Amat HS batting - Pitching for Oceanside HS Pirates : RHP Bob Jordan
|
Pitching: RHP Adam Lawson
|
|
Now at SS: Glen Madden
|
|
Now in LF: Miguel Maldonado
|
|
Batting: RHB Jim Norris
|
0-0: Ball 1-0: Ball 2-0: Ball 3-0: Called Strike 3-1: Foul Ball, location: 2F 3-2: Foul Ball, location: 2F 3-2: Strikes out swinging
|
Batting: LHB Edmund Stone
|
0-0: Ball 1-0: Ball 2-0: Foul Ball, location: 2F 2-1: Called Strike 2-2: Foul Ball, location: 2F 2-2: Foul Ball, location: 2F 2-2: Strikes out looking
|
Batting: SHB Leonardo González
|
0-0: Foul Ball, location: 2F 0-1: Ball 1-1: Swinging Strike 1-2: Strikes out looking
|
Top of the 8th over - 0 run(s), 0 hit(s), 0 error(s), 0 left on base; Bishop Amat HS 3 - Oceanside HS 6 |
BOTTOM OF THE 8TH |
Oceanside HS Pirates batting - Pitching for Bishop Amat HS : RHP Edward Armstrong
|
Batting: RHB Stan Taylor
|
0-0: Called Strike 0-1: Ground out 4-3 (Groundball, 4)
|
Batting: LHB Michael Hanson
|
0-0: Ball 1-0: Fly out, F6 (Popup, 6M)
|
Batting: LHB Chris Goodwin
|
0-0: Foul Ball, location: 2F 0-1: Swinging Strike 0-2: Ball 1-2: Ball 2-2: Foul Ball, location: 2F 2-2: Ball 3-2: Foul Ball, location: 2F 3-2: Foul Ball, location: 2F 3-2: Foul Ball, location: 2F 3-2: Foul Ball, location: 2F 3-2: Base on Balls
|
Batting: LHB Jon Quinn
|
0-0: Ball 1-0: Ground out 6-3 (Groundball, 56)
|
Bottom of the 8th over - 0 run(s), 0 hit(s), 0 error(s), 1 left on base; Bishop Amat HS 3 - Oceanside HS 6 |
TOP OF THE 9TH |
Bishop Amat HS batting - Pitching for Oceanside HS Pirates : RHP Adam Lawson
|
Pitching: RHP Armando López
|
|
Batting: RHB Javier Castillo
|
0-0: Ball 1-0: Foul Ball, location: 2F 1-1: Ground out 6-3 (Groundball, 6M)
|
Batting: SHB José Ruíz
|
0-0: Called Strike 0-1: Ball 1-1: Ball 2-1: Swinging Strike 2-2: Strikes out looking
|
Batting: LHB David Morgan
|
0-0: Called Strike 0-1: Ball 1-1: Ground out 4-3 (Groundball, 4)
|
Top of the 9th over - 0 run(s), 0 hit(s), 0 error(s), 0 left on base; Bishop Amat HS 3 - Oceanside HS 6 |
|